AoeStats
← aggromouse

Arabia

508534240Analyzed
1v1 RM · 8d ago on Sep 22, 2026· 48m 10s· 2 players
Game mode
Random Map
Map size
Tiny (2 player)
Population
200
Speed
Normal
Resources
Standard
Victory
Conquest
Starting age
Dark Age
Ending age
Imperial Age
RankedLock teamsTeams togetherTeam positionsShared explorationLock speedFull tech treeHidden civsTurbo modeCheats
Victory
Defeat
🇺🇸 Random · United States
1174
+17
🇦🇹 Japanese · Austria
1186
-17
aggromouse
5:40 Loom
8:58 Feudal Age
9:40 Double-Bit Axe
9:38 Horse Collar
19:40 Castle Age
17:55 Gold Mining
18:02 Fletching
18:53 Bloodlines
19:29 Padded Archer Armor
20:17 Bodkin Arrow
20:35 Bow Saw
22:07 Husbandry
22:59 Wheelbarrow
22:41 Light Cavalry
24:28 Scale Barding Armor
26:25 Town Watch
28:07 Chain Barding Armor
28:59 Ballistics
29:39 Heavy Plow
32:17 Forging
32:23 Leather Archer Armor
33:20 Hand Cart
33:51 Stone Mining
39:12 Imperial Age
37:22 Treadmill Crane
37:53 Masonry
39:13 Iron Casting
39:54 Bracer
39:17 Cranequins
41:01 Chemistry
40:32 Architecture
41:02 Ring Archer Armor
41:01 Conscription
40:54 Hussar
44:11 Two-Man Saw
43:42 Crop Rotation
43:07 Heavy Mounted Crossbowman
45:12 Plate Barding Armor
45:56 Blast Furnace
FlinkerBär
6:12 Loom
9:14 Feudal Age
11:32 Double-Bit Axe
11:31 Horse Collar
17:20 Wheelbarrow
17:06 Fletching
21:26 Castle Age
20:10 Fletching
20:50 Padded Archer Armor
21:52 Crossbowman
22:55 Bodkin Arrow
23:31 Gold Mining
24:19 Bow Saw
24:15 Town Watch
28:05 Leather Archer Armor
30:52 Scale Mail Armor
30:16 Pikeman
31:33 Ballistics
31:36 Squires
37:49 Heavy Plow
43:02 Imperial Age
42:20 Masonry
42:29 Thumb Ring
43:30 Arbalester
45:22 Chemistry
45:01 Bracer
Connection lost

Rejoining the realm…

Still unreachable

The connection could not be restored.

Session expired

The server has moved on; the page needs a fresh start.